 Dungeon Crawl Stone Soup version 0.29.1-1-gd02db6906a (webtiles) character file.

Game seed: 1984475232865307436

1561 sankara the Cleaver (level 8, -1/73 HPs)
             Began as a Hill Orc Fighter on Oct 13, 2022.
             Slain by a ten-headed hydra (4 damage)
             ... on level 6 of the Dungeon.
             The game lasted 00:08:40 (4584 turns).

sankara the Cleaver (Hill Orc Fighter)              Turns: 4584, Time: 00:08:41

Health: -1/73      AC: 11    Str: 19    XL:     8   Next: 89%
Magic:  8/8        EV:  7    Int:  8    God:
Gold:   289        SH:  5    Dex: 12    Spells: 7/7 levels left

rFire   . . .      SeeInvis .   t - +10 long sword "Z" {spect, Will+}
rCold   . . .      Faith    .   c - +0 buckler
rNeg    . . .      Spirit   .   q - +0 chain mail
rPois   .          Reflect  .   (no helmet)
rElec   .          Harm     .   (no cloak)
rCorr   .          Rampage  .   (no gloves)
Will    +....                   y - +0 pair of boots
Stlth   ..........              j - amulet of the acrobat
HPRegen 0.22/turn               (no ring)
MPRegen 0.11/turn               (no ring)

@: about to teleport
A: no striking features
a: no special abilities


You were on level 6 of the Dungeon.
You visited 1 branch of the dungeon, and saw 6 of its levels.
You also visited: Ossuary.

You collected 289 gold pieces.

Inventory:

Hand Weapons
 a - a +0 war axe
 n - a +0 war axe
 t - the +10 long sword "Z" (weapon) {spect, Will+}
   (You found it on level 3 of the Dungeon)

   When its wielder attacks, the weapon's spirit leaps out and strikes again.
   The spirit shares a part of any damage it takes with its wielder.
   Will:      It increases your willpower.
Missiles
 g - 63 stones (quivered)
 u - 17 poisoned darts
 A - 3 datura-tipped darts
Armour
 c - a +0 buckler (worn)
 q - a +0 chain mail (worn)
 y - a +0 pair of boots (worn)
Jewellery
 j - an amulet of the acrobat (around neck)
 v - an amulet of guardian spirit
Wands
 l - a wand of polymorph (7)
Scrolls
 b - 9 scrolls of teleportation
 e - 4 scrolls of identify {unknown}
 o - a scroll of blinking {unknown}
 r - 2 scrolls of amnesia {unknown}
 z - a scroll of enchant weapon {unknown}
 C - a scroll of brand weapon {unknown}
 E - a scroll of immolation {unknown}
 F - a scroll of vulnerability {unknown}
 H - a scroll of enchant armour {unknown}
Potions
 d - a potion of might
 f - 5 potions of curing {unknown}
 h - 3 potions of resistance {unknown}
 i - a potion of brilliance {unknown}
 k - 2 potions of heal wounds {unknown}
 m - a potion of cancellation {unknown}
 p - 3 potions of haste
 s - a potion of invisibility {unknown}
 w - a potion of magic {unknown}
 x - 2 potions of berserk rage {unknown}
 B - a potion of mutation {unknown}
 D - 2 potions of attraction {unknown}
 G - a potion of degeneration {unknown}


   Skills:
 + Level 7.1 Fighting
 * Level 9.9 Axes
 + Level 6.4 Armour
 - Level 5.0 Shields


You had 7 spell levels left.
You didn't know any spells.
Your spell library contained the following spells:

 Spells                   Type           Power      Damage    Failure   Level
 Apportation              Tloc           0%         N/A       99%         1
 Necrotise                Necr           0%         1d4       99%         1
 Summon Small Mammal      Summ           0%         N/A       99%         1
 Scorch                   Fire           0%         2d5       100%        2
 Static Discharge         Conj/Air       0%         3-3/arc   100%        2
 Dispel Undead            Necr           0%         3d6       100%        4
 Flame Wave               Conj/Fire      0%         2d4       100%        4
 Hailstorm                Conj/Ice       0%         3d3       100%        4
 Ice Form                 Ice/Tmut       0%         N/A       100%        4
 Sticky Flame             Conj/Fire      0%         2d3       100%        4
 Simulacrum               Ice/Necr       0%         N/A       100%        6
 Summon Cactus Giant      Summ           0%         N/A       100%        6


Dungeon Overview and Level Annotations

Branches:
Dungeon (6/15)            Ossuary (visited)
 Temple: D:4-7

Altars:
Dithmenos
Sif Muna


Message History

You kill the orc wizard!
The eight-headed hydra bites you but does no damage.
The eight-headed hydra bites you!
The eight-headed hydra bites you but does no damage.
The eight-headed hydra closely misses you.
The eight-headed hydra bites you but does no damage. x2
The eight-headed hydra bites you. x2
You hack one of the eight-headed hydra's heads off!
The seven-headed hydra grows two more!
You hit the nine-headed hydra.
The nine-headed hydra is lightly wounded.
Your +10 long sword "Z" {spect, Will+} hits the nine-headed hydra!
Your +10 long sword "Z" {spect, Will+} hacks one of the nine-headed hydra's heads off!
The eight-headed hydra grows two more!
You block the ten-headed hydra's attack.
The ten-headed hydra bites you!
The ten-headed hydra bites you but does no damage.
The ten-headed hydra bites you!
The ten-headed hydra barely misses you. x2
The ten-headed hydra bites you but does no damage.
The ten-headed hydra barely misses you.
The ten-headed hydra completely misses you.
The ten-headed hydra bites you. The iguana bites you.
Unknown command.
Unknown command.
Unknown command.
As you read the scroll labelled REMNIA XITIF, it crumbles to dust.
You feel strangely unstable.
It was a scroll of teleportation.
You block the ten-headed hydra's attack.
The ten-headed hydra closely misses you.
The ten-headed hydra bites you but does no damage.
The ten-headed hydra bites you.
* * * LOW HITPOINT WARNING * * *
The ten-headed hydra bites you.
* * * LOW HITPOINT WARNING * * *
The ten-headed hydra bites you!
* * * LOW HITPOINT WARNING * * *
The ten-headed hydra bites you.
* * * LOW HITPOINT WARNING * * *
The ten-headed hydra bites you but does no damage. x2
The ten-headed hydra bites you.
You die...

......#.### ..
......... #. ..#....#
#.###.#....#
#.....#....# #
..#.......#
#[###.#.......#
#....l#.....#.#
#D@.....##.########
#ยง.....###.........
#.....## #########.
.......## #. #........
#.
#.........###########.
......#....#...........
...#.##....#.##########
#. #.. #.....#


You could see a ten-headed hydra and an iguana.

Vanquished Creatures
  2 black bears
  An ice beast (D:5)
  An ogre (D:5)
  A centaur (D:5)
  A phantom (D:5)
  2 elf zombies (Ossuary)
  A scorpion (D:5)
  A necrophage (D:5)
  2 centaur zombies (Ossuary)
  2 human zombies (Ossuary)
  2 jellies (D:4)
  2 hounds
  4 orc priests (D:4)
  Jessica (D:2)
  3 orc wizards
  2 hound zombies (Ossuary)
  3 mummies (Ossuary)
  4 gnolls
  7 adders
  2 shadow imps
  4 adder zombies (Ossuary)
  A worm (D:3)
  3 dart slugs
  18 orcs
  8 ball pythons
  6 endoplasms
  5 giant cockroaches
  6 goblins
  4 hobgoblins
  3 jackals (D:2)
  3 quokkas
  6 bats
  4 frilled lizards
  A gnoll zombie (Ossuary)
  5 goblin zombies (Ossuary)
  4 hobgoblin zombies (Ossuary)
  3 jackal zombies (Ossuary)
  10 kobolds
  2 kobold zombies (Ossuary)
  An orc zombie (Ossuary)
  4 quokka zombies (Ossuary)
  8 rats
  2 rat zombies (Ossuary)
155 creatures vanquished.

Vanquished Creatures (others)
  A plant (D:2)
1 creature vanquished.

Grand Total: 156 creatures vanquished

Notes
Turn   | Place    | Note
-------+----------+-------------------------------------------
     0 | D:1      | sankara the Hill Orc Fighter began the quest for the Orb.
     0 | D:1      | Reached XP level 1. HP: 19/19 MP: 1/1
    67 | D:1      | Reached skill level 3 in Axes
    67 | D:1      | Reached XP level 2. HP: 21/27 MP: 2/2
   630 | D:1      | Reached XP level 3. HP: 33/33 MP: 3/3
  1253 | D:2      | Noticed Jessica
  1260 | D:2      | Killed Jessica
  1261 | D:2      | Reached skill level 4 in Axes
  1261 | D:2      | Reached XP level 4. HP: 40/40 MP: 4/4
  1714 | D:2      | HP: 2/40 [gnoll/+0 whip (1)]
  2021 | D:2      | Reached XP level 5. HP: 47/47 MP: 5/5
  2268 | D:2      | Found a faded altar of an unknown god.
  2670 | D:3      | Identified the +10 long sword "Z" {spect, Will+}
  3002 | D:3      | Reached skill level 5 in Axes
  3086 | D:4      | Reached XP level 6. HP: 52/53 MP: 6/6
  3132 | D:4      | Reached skill level 5 in Fighting
  3133 | D:4      | Reached skill level 6 in Axes
  3286 | D:4      | Reached XP level 7. HP: 59/59 MP: 7/7
  3436 | D:4      | Reached skill level 5 in Shields
  3498 | D:4      | Reached skill level 7 in Axes
  3765 | D:5      | Entered Level 5 of the Dungeon
  3771 | D:5      | Reached skill level 5 in Armour
  3814 | D:5      | Reached skill level 8 in Axes
  3814 | D:5      | Reached XP level 8. HP: 70/70 MP: 8/8
  3832 | D:5      | Found a shimmering blue altar of Sif Muna.
  3889 | D:5      | Found a shadowy altar of Dithmenos.
  3978 | D:5      | Found a sand-covered staircase.
  3988 | Ossuary  | Entered an ossuary
  4031 | Ossuary  | Reached skill level 9 in Axes
  4579 | D:6      | Noticed an eight-headed hydra
  4584 | D:6      | HP: 3/73 [ten-headed hydra (2)]
  4584 | D:6      | Slain by a ten-headed hydra

Illustrated notes

Levels and vault maps discovered:
D:1:      lightli_arrival_quake, layout_loops_corners, minmay_misc_feat_hallway
D:2:      layout_loops_corners, chequers_ecumenical_altar_lobes, uniq_jessica
D:3:      layout_rooms, minmay_randomly_rotated_circles
D:4:      layout_cave_pools
D:5:      layout_cave_pools, mainiacjoe_overflow_boulevard,
          grunt_dithmenos_smoke_and_mirrors,
          lightli_ossuary_entry_decrepit_ruins
D:6:      hangedman_cross_stitches, layout_basic, elyvilon_altar_4,
          gammafunk_ghost_cemetery, uniq_blork_the_orc

Skill      XL: |  1  2  3  4  5  6  7  8 |
---------------+-------------------------+-----
Axes           | 3 4 5 6 8 9 |  9.9
Fighting       | 4 5 6 7 |  7.1
Shields        | 4 5 |  5.0
Armour         | 4 5 6 |  6.4

Action                   |  1- 3 |  4- 6 |  7- 9 || total
-------------------------+-------+-------+-------++-------
Melee: War axe           |    87 |    73 |       ||   160
       Long sword        |       |    46 |   106 ||   152
  Use: Scroll            |       |       |     1 ||     1
Armor: Scale mail        |    55 |    18 |       ||    73
       Skin              |     1 |       |       ||     1
       Chain mail        |       |    28 |    48 ||    76
Dodge: Dodged            |    44 |    59 |    48 ||   151
Block: Buckler           |    19 |    29 |    23 ||    71
